 Dungeon Crawl Stone Soup version 0.30-a0-161-gdd60e06945 (webtiles) character file.

Game seed: 748341246912227058

3493 qw the Cleaver (level 10, -4/64 HPs)
             Began as a Gargoyle Fighter on Sept 27, 2022.
             Was an Initiate of Okawaru.
             Slain by a yak (9 damage)
             ... on level 8 of the Dungeon.
             The game lasted 00:03:22 (8679 turns).

qw the Cleaver (Gargoyle Fighter)                   Turns: 8679, Time: 00:03:23

Health: -4/64      AC: 20    Str: 25    XL:     10   Next: 7%
Magic:  10/10      EV:  8    Int:  8    God:    Okawaru [......]
Gold:   203        SH:  5    Dex:  9    Spells: 9/9 levels left

rFire   . . .      SeeInvis .    Y - +0 war axe (vorpal)
rCold   . . .      Faith    .    c - +0 buckler
rNeg    + . .      Spirit   .    l - +0 chain mail
rPois   inf        Reflect  .    (no helmet)
rElec   +          Harm     .    (no cloak)
rCorr   .          Rampage  .    n - +0 pair of gloves
Will    +....                    i - +1 pair of boots
Stlth   ..........               (no amulet)
HPRegen 0.20/turn                a - ring of willpower
MPRegen 0.12/turn                (no ring)

@: no status effects
A: sickness immunity, AC +7, negative energy resistance 1, electricity
resistance, torment resistance 1, petrification resistance
a: Renounce Religion


You were on level 8 of the Dungeon.
You worshipped Okawaru.
Okawaru was noncommittal.
You visited 2 branches of the dungeon, and saw 9 of its levels.
You also visited: Sewer.

You collected 413 gold pieces.
You spent 210 gold pieces at shops.


Innate Abilities, Weirdness & Mutations

You are immune to sickness and miasma.
Your stone body is resilient. (AC +7)
You are immune to poison.
You resist negative energy. (rN+)
You are resistant to electric shocks. (rElec)
You are resistant to unholy torment.
You are immune to petrification.


   Skills:
 - Level 8.1 Fighting
 - Level 10.0 Axes
 - Level 1.7 Throwing
 + Level 5.1 Armour
 - Level 1.2 Dodging
 - Level 5.5 Shields


You had 9 spell levels left.
You didn't know any spells.
Your spell library was empty.

Inventory:

Hand Weapons
 s - a +0 morningstar
 Y - a +0 vorpal war axe (weapon)
Missiles
 b - 7 boomerangs (quivered)
Armour
 c - a +0 buckler (worn)
 i - a +1 pair of boots (worn)
 l - a +0 chain mail (worn)
 n - a +0 pair of gloves (worn)
Jewellery
 a - a ring of willpower (left hand)
Scrolls
 f - 7 scrolls of identify
Potions
 d - 3 potions of might
 e - 4 potions of resistance
 g - 2 potions of curing
 j - 3 potions of haste
 k - a potion of attraction
 o - a potion of lignification

Dungeon Overview and Level Annotations

Branches:
Dungeon (8/15)             Temple (1/1) D:7           Sewer (visited)
   Lair: D:8-11

Altars:
Ashenzari
Cheibriados
Dithmenos
Elyvilon
Fedhas
Gozag
Hepliaklqana
Kikubaaqudgha
Makhleb
Nemelex Xobeh
Okawaru
Qazlal
Ru
Sif Muna
Trog
Uskayaw
Vehumet
Wu Jian
Xom
Yredelemnul
Zin
The Shining One

Shops:
D:6 :=(

Annotations:
D:6 1 runed translucent door, 2 transporters, Crazy Yiuf; qw's ghost, novice GrFi


Message History

You block the gnoll's attack. The yak gores you but does no damage.
A yak comes into view.
A wight comes into view. It is wielding a +0 spear.
Your Shields skill increases to level 5!
The yak bellows!
You slash the gnoll!
The gnoll is almost dead.
You hit the yak. You slash the yak! You closely miss the yak.
You hear a shout!
The gnoll barely misses you.
The yak snorts and paws the ground.
The yak gores you!
A wight comes into view. It is wielding a +0 battleaxe.
The yak gores you.
You hit the gnoll.
You kill the gnoll!
Okawaru accepts your kill.
You hit the yak. You slash the yak! x2
The yak gores you but does no damage. The yak closely misses you.
You barely miss the yak.
The yak is moderately wounded.
You barely miss the yak. You completely miss the yak. You slash the yak!
You hit the yak.
The gnoll hits you from afar with a +0 halberd!
The yak gores you but does no damage. The yak barely misses you.
The yak gores you but does no damage.
You hit the yak but do no damage.
The yak is moderately wounded.
You hit the yak but do no damage. x2; You slash the yak! x2
You completely miss the yak. The yak gores you but does no damage.
The yak closely misses you. The gnoll hits you but does no damage.
You block the yak's attack. The yak gores you but does no damage.
The yak gores you! You block the yak's attack.
You barely miss the yak.
The yak is heavily wounded.
You hit the yak. You slash the yak! You closely miss the yak.
You barely miss the yak. You hit the yak but do no damage. The yak gores you!
You die...

.......#.#..##....
...........##....
...........##...#
.#....z....##...#
.....z......#...#
.....zYg........#
..$.zgYYY##.....#
.?..YzY@Y.##.)..#
##..YY#Y#.......#
#... #.##.......#
....
.##>.#.......# ...
......#.....### ##
##.#.........#
#.###.##..### ##
#####.. ..#


You could see 10 yaks, 5 wights and 2 gnolls.

Vanquished Creatures
  A yak (D:8)
  2 water moccasins (D:6)
  An orc warrior (D:6)
  An ice beast (D:6)
  2 black bears
  2 ogres
  A centaur (D:6)
  A phantom (D:7)
  2 kobold brigands (D:7)
  2 bullfrogs
  3 necrophages
  5 scorpions
  6 wights
  2 vampire bats (D:7)
  5 howler monkeys (D:7)
  2 lava snakes (D:7)
  A gnoll bouda (D:5)
  2 orc priests
  7 hounds
  2 jellies (D:5)
  6 orc wizards (D:6)
  6 iguanas
  9 gnolls
  11 adders
  6 river rats
  A shadow imp (D:7)
  2 white imps
  A worm (D:2)
  A dart slug (D:2)
  13 orcs
  3 bat skeletons (D:7)
  2 bat zombies (D:7)
  9 endoplasms
  3 giant cockroaches
  8 goblins
  10 hobgoblins
  2 jackals (Sewer)
  20 kobolds
  7 quokkas
  9 ball pythons
  8 bats
  4 frilled lizards
  10 rats
201 creatures vanquished.

Vanquished Creatures (others)
  An orc wizard (D:6)
  A quokka (D:7)
  9 plants (Sewer)
11 creatures vanquished.

Grand Total: 212 creatures vanquished

Notes
Turn   | Place    | Note
-------+----------+-------------------------------------------
     0 | D:1      | qw the Gargoyle Fighter began the quest for the Orb.
     0 | D:1      | Reached XP level 1. HP: 14/14 MP: 1/1
     0 | D:1      | 0 ||| qw: Version: 0.2-a-10-g37ed214
     0 | D:1      | 0 ||| qw: Game counter: 632
     0 | D:1      | 0 ||| qw: Always use a shield: true
     0 | D:1      | 0 ||| qw: God list: Okawaru
     0 | D:1      | 0 ||| qw: Allow faded altars: false
     0 | D:1      | 0 ||| qw: Do Orc after D:15 true
     0 | D:1      | 0 ||| qw: Do second Lair branch before Depths: true
     0 | D:1      | 0 ||| qw: Lair rune preference: random
     0 | D:1      | 0 ||| qw: Plans: Normal, Zot:1-4, God:TSO, Crypt, Tomb,
                  | Pan, Slime:5, Hells, Abyss, Orb
     0 | D:1      | 0 ||| PLANNING D:1-11
    70 | D:1      | Reached skill level 2 in Axes
   140 | D:1      | 140 ||| Stepping ~*~*~tactically~*~*~ (stealth).
   143 | D:1      | 143 ||| Stepping ~*~*~tactically~*~*~ (stealth).
   157 | D:1      | Reached XP level 2. HP: 19/19 MP: 2/2
   461 | D:1      | Reached skill level 3 in Axes
   468 | D:1      | Found a faded altar of an unknown god.
   488 | D:1      | 488 ||| DROPPING +1 vorpal hand axe.
   529 | D:1      | 529 ||| DROPPING +0 club.
   594 | D:1      | 594 ||| Stepping ~*~*~tactically~*~*~ (stealth).
   600 | D:1      | Reached XP level 3. HP: 18/23 MP: 3/3
   601 | D:1      | 601 ||| Stepping ~*~*~tactically~*~*~ (stealth).
   763 | D:1      | 763 ||| Stepping ~*~*~tactically~*~*~ (stealth).
   937 | D:1      | 937 ||| UPGRADING to +0 pair of boots.
   942 | D:1      | 942 ||| READING 2 scrolls labelled VEOSMISTR SYARI.
   943 | D:1      | 943 ||| READING 3 scrolls labelled FOIVEE PYWIHUM.
   944 | D:1      | 944 ||| READING scroll labelled BUSATHR FUCIUC.
   945 | D:1      | 945 ||| READING 2 scrolls of identify.
   945 | D:1      | 945 ||| IDENTIFYING fizzy red potion
   946 | D:1      | 946 ||| DROPPING scroll of blinking.
  1043 | D:2      | 1043 ||| Stepping ~*~*~tactically~*~*~ (stealth).
  1057 | D:2      | 1057 ||| Stepping ~*~*~tactically~*~*~ (stealth).
  1197 | D:2      | Reached XP level 4. HP: 28/28 MP: 4/4
  1682 | D:2      | 1682 ||| READING 2 scrolls labelled POKIUW ONIARAU.
  1683 | D:2      | 1683 ||| READING scroll of enchant armour.
  1683 | D:2      | 1683 ||| ENCHANTING +0 pair of boots.
  1684 | D:2      | 1684 ||| READING scroll labelled VIYZXYXIUDGH.
  1685 | D:2      | 1685 ||| READING scroll labelled QIEPHA AMOMYGH.
  1690 | D:2      | 1690 ||| READING 4 scrolls of identify.
  1690 | D:2      | 1690 ||| IDENTIFYING smoky white potion
  1752 | D:3      | Reached skill level 4 in Axes
  1944 | D:3      | HP: 7/28 [hound (2)]
  1945 | D:3      | 1945 ||| DRINKING 3 potions of heal wounds.
  1958 | D:3      | HP: 6/28 [hound (3)]
  1959 | D:3      | 1959 ||| DRINKING 2 potions of heal wounds.
  1970 | D:3      | Reached XP level 5. HP: 14/32 MP: 5/5
  2409 | D:3      | Reached skill level 5 in Axes
  2429 | D:3      | 2429 ||| Stepping ~*~*~tactically~*~*~ (hiding).
  2442 | D:3      | HP: 8/32 [orc priest/+0 hand axe (5)]
  2443 | D:3      | 2443 ||| DRINKING potion of heal wounds.
  2549 | D:3      | Reached XP level 6. HP: 39/39 MP: 6/6
  2666 | D:3      | 2666 ||| DROPPING ring of magical power.
  2667 | D:3      | 2667 ||| READING scroll labelled QEIBRI LUVE.
  2667 | D:3      | Identified a scroll of acquirement
  2667 | D:3      | 2667 ||| ACQUIRING ring of willpower
  2667 | D:3      | Acquired a ring of willpower
  2669 | D:3      | 2669 ||| UPGRADING to ring of willpower.
  2670 | D:3      | 2670 ||| DRINKING 2 green potions.
  2671 | D:3      | 2671 ||| READING 4 scrolls of identify.
  2671 | D:3      | 2671 ||| IDENTIFYING sedimented pink potion
  2672 | D:3      | 2672 ||| DROPPING potion of brilliance.
  2880 | D:4      | 2880 ||| Stepping ~*~*~tactically~*~*~ (stealth).
  2888 | D:4      | 2888 ||| Stepping ~*~*~tactically~*~*~ (stealth).
  2936 | D:4      | 2936 ||| Stepping ~*~*~tactically~*~*~ (stealth).
  2955 | D:4      | Reached skill level 1 in Dodging
  3239 | D:4      | Noticed a black bear
  3246 | D:4      | Killed a black bear
  3247 | D:4      | Reached skill level 6 in Axes
  3247 | D:4      | Reached XP level 7. HP: 28/44 MP: 7/7
  3540 | D:4      | 3540 ||| DRINKING 2 clear potions.
  3541 | D:4      | 3541 ||| READING 3 scrolls of identify.
  3541 | D:4      | 3541 ||| IDENTIFYING red potion
  3581 | D:5      | Entered Level 5 of the Dungeon
  3739 | D:5      | Reached skill level 7 in Axes
  3739 | D:5      | 3739 ||| FLEEEEING.
  3740 | D:5      | 3740 ||| FLEEEEING.
  3741 | D:5      | 3741 ||| FLEEEEING.
  3742 | D:5      | 3742 ||| FLEEEEING.
  3743 | D:5      | 3743 ||| FLEEEEING.
  3744 | D:5      | 3744 ||| FLEEEEING.
  3745 | D:5      | 3745 ||| FLEEEEING.
  3746 | D:5      | 3746 ||| FLEEEEING.
  3747 | D:5      | 3747 ||| FLEEEEING.
  3748 | D:5      | 3748 ||| FLEEEEING.
  3749 | D:5      | 3749 ||| FLEEEEING.
  3750 | D:5      | 3750 ||| FLEEEEING.
  3751 | D:5      | 3751 ||| FLEEEEING.
  3752 | D:5      | 3752 ||| FLEEEEING.
  3753 | D:5      | 3753 ||| FLEEEEING.
  3754 | D:5      | 3754 ||| FLEEEEING.
  3755 | D:5      | 3755 ||| FLEEEEING.
  3756 | D:5      | 3756 ||| FLEEEEING.
  3757 | D:5      | 3757 ||| FLEEEEING.
  3758 | D:5      | 3758 ||| FLEEEEING.
  3759 | D:5      | 3759 ||| FLEEEEING.
  3761 | D:5      | 3761 ||| FLEEEEING.
  3763 | D:5      | 3763 ||| FLEEEEING.
  3765 | D:5      | 3765 ||| FLEEEEING.
  3766 | D:5      | 3766 ||| FLEEEEING.
  3767 | D:5      | 3767 ||| STAIRDANCE
  3853 | D:5      | 3853 ||| STAIRDANCE
  3956 | D:5      | 3956 ||| DROPPING +0 mace.
  4016 | D:5      | 4016 ||| Stepping ~*~*~tactically~*~*~ (stealth).
  4017 | D:5      | 4017 ||| Stepping ~*~*~tactically~*~*~ (stealth).
  4225 | D:5      | Reached XP level 8. HP: 43/49 MP: 8/8
  4747 | D:5      | Found a stormy altar of Qazlal.
  4807 | D:5      | 4807 ||| UPGRADING to +0 chain mail.
  4817 | D:5      | 4817 ||| DROPPING +0 scale mail.
  4818 | D:5      | 4818 ||| UPGRADING to +0 pair of gloves.
  4823 | D:5      | 4823 ||| READING scroll labelled NIKKEA ZOOKH.
  4824 | D:5      | 4824 ||| DRINKING 2 fuming cyan potions.
  4884 | D:6      | Found Faodac's Jewellery Boutique.
  4885 | D:6      | 4885 ||| PLANNING SEWER
  4908 | D:6      | Reached skill level 8 in Axes
  4915 | D:6      | 4915 ||| SHOPLISTING +4 ring of evasion (468 gold, have
                  | 256).
  4915 | D:6      | 4915 ||| SHOPLISTING +4 ring of protection (468 gold, have
                  | 256).
  4915 | D:6      | 4915 ||| SHOPLISTING +6 ring of dexterity (468 gold, have
                  | 256).
  4915 | D:6      | 4915 ||| SHOPLISTING amulet of reflection (390 gold, have
                  | 256).
  4915 | D:6      | 4915 ||| SHOPLISTING ring "Ymustreta" {Wiz rF+ Dex+4} (681
                  | gold, have 256).
  4915 | D:6      | 4915 ||| SHOPLISTING ring of resist corrosion (260 gold,
                  | have 256).
  4929 | D:6      | 4929 ||| Stepping ~*~*~tactically~*~*~ (hiding).
  4930 | D:6      | 4930 ||| Stepping ~*~*~tactically~*~*~ (hiding).
  4934 | D:6      | 4934 ||| Stepping ~*~*~tactically~*~*~ (stealth).
  4936 | D:6      | 4936 ||| Stepping ~*~*~tactically~*~*~ (hiding).
  4937 | D:6      | 4937 ||| Stepping ~*~*~tactically~*~*~ (hiding).
  5116 | D:6      | 5116 ||| Stepping ~*~*~tactically~*~*~ (stealth).
  5117 | D:6      | 5117 ||| Stepping ~*~*~tactically~*~*~ (stealth).
  5120 | D:6      | 5120 ||| Stepping ~*~*~tactically~*~*~ (hiding).
  5128 | D:6      | Reached skill level 6 in Fighting
  5165 | D:6      | 5165 ||| Stepping ~*~*~tactically~*~*~ (hiding).
  5183 | D:6      | 5183 ||| Stepping ~*~*~tactically~*~*~ (stealth).
  5200 | D:6      | Reached skill level 9 in Axes
  5200 | D:6      | Reached XP level 9. HP: 44/55 MP: 9/9
  5380 | D:6      | Reached skill level 1 in Throwing
  5418 | D:6      | Found a glowing drain.
  5436 | Sewer    | Entered a sewer
  5481 | Sewer    | 5481 ||| Stepping ~*~*~tactically~*~*~ (stealth).
  5617 | Sewer    | 5617 ||| Stepping ~*~*~tactically~*~*~ (water).
  5711 | Sewer    | 5711 ||| Stepping ~*~*~tactically~*~*~ (water).
  5961 | Sewer    | 5961 ||| READING scroll labelled ATONICLAOPS.
  6012 | D:6      | 6012 ||| PLANNING D:1-11
  6129 | D:6      | 6129 ||| Stepping ~*~*~tactically~*~*~ (stealth).
  6131 | D:6      | 6131 ||| Stepping ~*~*~tactically~*~*~ (hiding).
  6240 | D:6      | 6240 ||| READING scroll of brand weapon.
  6240 | D:6      | 6240 ||| BRANDING +0 war axe of venom.
  6258 | D:6      | Found a runed translucent door.
  6259 | D:6      | Noticed Crazy Yiuf
  6338 | D:6      | 6338 ||| Stepping ~*~*~tactically~*~*~ (stealth).
  6340 | D:6      | 6340 ||| Stepping ~*~*~tactically~*~*~ (hiding).
  6343 | D:6      | 6343 ||| Stepping ~*~*~tactically~*~*~ (stealth).
  6347 | D:6      | 6347 ||| Stepping ~*~*~tactically~*~*~ (hiding).
  6355 | D:6      | 6355 ||| Stepping ~*~*~tactically~*~*~ (stealth).
  6438 | D:6      | Found Vopa's Book Boutique.
  6526 | D:6      | Noticed qw's ghost (novice GrFi)
  6527 | D:6      | Found a transporter.
  6545 | D:6      | 6545 ||| DROPPING +0 flail.
  6560 | D:6      | Found a transporter.
  6854 | D:6      | Found Riemytu's Antique Weapon Boutique.
  6857 | D:6      | 6857 ||| BUYING glowing morningstar (210 gold).
  6857 | D:6      | Bought a glowing morningstar for 210 gold pieces
  6857 | D:6      | 6857 ||| DROPPING +0 morningstar of holy wrath.
  7229 | D:6      | 7229 ||| READING scroll labelled TIM RAOGRUDOCH.
  7230 | D:6      | 7230 ||| READING 6 scrolls of identify.
  7230 | D:6      | 7230 ||| IDENTIFYING lumpy emerald potion
  7231 | D:6      | 7231 ||| DROPPING potion of berserk rage.
  7290 | D:7      | Found a burning altar of Makhleb.
  7310 | D:7      | 7310 ||| FLEEEEING.
  7322 | D:7      | HP: 8/57 [lava snake/glob of lava (17)]
  7323 | D:7      | 7323 ||| READING 2 scrolls of teleportation.
  7324 | D:7      | 7324 ||| DRINKING 2 potions of heal wounds.
  7331 | D:7      | 7331 ||| FLEEEEING.
  7332 | D:7      | 7332 ||| FLEEEEING.
  7333 | D:7      | 7333 ||| FLEEEEING.
  7484 | D:7      | Found a shimmering blue altar of Sif Muna.
  7622 | D:7      | Found a glowing golden altar of the Shining One.
  7668 | D:7      | Found a white marble altar of Elyvilon.
  7871 | D:7      | Found a staircase to the Ecumenical Temple.
  7872 | D:7      | 7872 ||| PLANNING TEMPLE
  7872 | D:7      | 7872 ||| READING scroll labelled ITEANGY PAUFAU.
  7933 | D:7      | 7933 ||| READING scroll labelled ZAUDWU YTIU.
  7942 | Temple   | Entered the Ecumenical Temple
  7944 | Temple   | 7944 ||| PLANNING OKAWARU WORSHIP
  8041 | Temple   | Became a worshipper of Warmaster Okawaru
  8042 | Temple   | 8042 ||| PLANNING D:1-11
  8138 | D:7      | 8138 ||| Stepping ~*~*~tactically~*~*~ (stealth).
  8149 | D:7      | 8149 ||| Stepping ~*~*~tactically~*~*~ (stealth).
  8154 | D:7      | Reached skill level 10 in Axes
  8162 | D:7      | 8162 ||| Stepping ~*~*~tactically~*~*~ (stealth).
  8187 | D:7      | Found an ancient bone altar of Kikubaaqudgha.
  8207 | D:7      | 8207 ||| READING scroll labelled QISMIEKUA.
  8416 | D:8      | Noticed a two-headed ogre
  8422 | D:8      | HP: 9/59 [two-headed ogre/+0 giant club (14)]
  8423 | D:8      | 8423 ||| READING scroll of teleportation.
  8424 | D:8      | 8424 ||| DRINKING potion of heal wounds.
  8654 | D:8      | 8654 ||| Stepping ~*~*~tactically~*~*~ (hiding).
  8664 | D:8      | Reached XP level 10. HP: 57/64 MP: 10/10
  8677 | D:8      | HP: 16/64 [gnoll/+0 halberd (9)]
  8678 | D:8      | HP: 5/64 [yak (11)]
  8679 | D:8      | Slain by a yak

Levels and vault maps discovered:
D:1:      lemuel_arrival_behind_the_door_large, layout_rooms, serial_glass,
          glass_columns_b, glass_columns_b, basic_ecumenical_altar
D:2:      layout_basic, chequers_serial_rivers_room_b, minmay_pentomino_t4
D:3:      layout_basic, minmay_large_rounded_square, cheibrodos_gnoll_hut
D:4:      black_bear_nest_2, layout_basic,
          hangedman_abyss_or_decor_jellyfish_corner
D:5:      layout_loops_ring, general_overflow_altar, serial_glass,
          glass_columns_a, glass_columns_b, glass_columns_b, glass_columns_c,
          glass_columns_a, glass_columns_a, glass_columns_c, glass_columns_b
D:6:      layout_basic, serial_shops, nicolae_shop_waterfront, shop_fountains,
          nicolae_shop_behind_doors, gup_sewer_entry_bubbles,
          gammafunk_ghost_smash, minmay_joined_circles, uniq_crazy_yiuf_cottage
D:7:      layout_rooms, elyvilon_altar_4, nicolae_tso_swordbearing_angel,
          mainiacjoe_overflow_catch_the_wave, kennysheep_vampire_church,
          minmay_temple_entry_nine_rooms
D:8:      minmay_chambers_of_sixes, layout_cave_pools
Temple:   nicolae_temple_superstar

Skill      XL: |  1  2  3  4  5  6  7  8  9 10 |
---------------+-------------------------------+-----
Axes           | 2 3 4 5 6 7 9 10 | 10.0
Fighting       | 4 5 6 8 |  8.1
Dodging        | 1 |  1.2
Armour         | 4 5 |  5.1
Throwing       | 1 |  1.7
Shields        | 4 5 |  5.5

Action                   |  1- 3 |  4- 6 |  7- 9 | 10-12 || total
-------------------------+-------+-------+-------+-------++-------
Melee: War axe           |   123 |   155 |   373 |    16 ||   667
Throw: Boomerang         |       |       |    54 |       ||    54
  Use: Scroll            |     4 |     7 |    11 |       ||    22
       Potion            |       |     4 |     4 |       ||     8
Armor: Scale mail        |    63 |    99 |    42 |       ||   204
       Chain mail        |       |       |   143 |    20 ||   163
Dodge: Dodged            |    52 |    88 |   137 |    10 ||   287
Block: Buckler           |    21 |    32 |    70 |     4 ||   127

Table legend:
 A = Non-vault XP
 B = Vault XP
 C = Vault XP percentage of total XP
 D = Non-vault monster count
 E = Vault monster count
 F = Vault count percentage of total count
                 A         B        C        D         E       F
            +---------+---------+-------+---------+---------+-------
      Total |    4199 |     792 |  15.9 |     155 |      47 |  23.3
            +---------+---------+-------+---------+---------+-------
        D:1 |      40 |       0 |   0.0 |      25 |       0 |   0.0
        D:2 |      40 |      16 |  28.6 |      14 |       4 |  22.2
        D:3 |     193 |      97 |  33.4 |      21 |       3 |  12.5
        D:4 |     283 |     124 |  30.5 |      15 |       1 |   6.2
        D:5 |     668 |       0 |   0.0 |      15 |       0 |   0.0
        D:6 |    1346 |     292 |  17.8 |      30 |      11 |  26.8
        D:7 |    1097 |     127 |  10.4 |      28 |       7 |  20.0
        D:8 |     532 |       0 |   0.0 |       7 |       0 |   0.0
      Sewer |       0 |     136 | 100.0 |       0 |      21 | 100.0
            +---------+---------+-------+---------+---------+-------
